 Dungeon Sprint DCSS version 0.26-a0-1101-g8f9f7f7418 (webtiles) character file.

Game seed: 10326298076879197558

10800000 Adamkad1 the Axe Maniac (level 27, -27/292 HPs)
             Began as a Palentonga Gladiator on Dec 15, 2020.
             Was the Champion of Makhleb.
             Killed from afar by a dread (29 damage)
             ... with damnation
             ... in the Dungeon (Sprint VIII: "Arena of Blood").
             The game lasted 00:04:10 (108 turns).

Adamkad1 the Axe Maniac (Palentonga Gladiator)       Turns: 108, Time: 00:04:11

Health: -27/292    AC: 17    Str: 19    XL:     27
Magic:  27/54      EV: 33    Int: 10    God:    Makhleb [******]
Gold:   0          SH:  0    Dex: 22    Spells: 80/80 levels left

rFire    . . .     SeeInvis +   k - +∞ Axe of Woe
rCold    . . .     Faith    .   (shield currently unavailable)
rNeg     . . .     Spirit   .   b - +0 leather armour
rPois    .         Reflect  .   c - +0 helmet
rElec    .         Harm     .   (no cloak)
rCorr    .         Rampage  .   (no gloves)
Will     ++...     NoTele   +   (no barding)
Stlth    ++++++++++             (no amulet)
HPRegen  0.58/turn              (no ring)
MPRegen  0.34/turn              (no ring)

@: curled up
A: large, rugged brown scales 3, see invisible, deformed body, roll 1, armoured
tail, reflexive curl
a: Rolling Charge, Minor Destruction, Lesser Servant of Makhleb, Major
Destruction, Greater Servant of Makhleb, Renounce Religion


You were in the Dungeon.
You worshipped Makhleb.
Makhleb was exalted by your worship.
You visited 1 branch

Inventory:

Hand Weapons
 a - a +0 war axe
 k - the +∞ Axe of Woe (weapon)
   (You found it in the Dungeon)
Missiles
 d - 3 throwing nets (quivered)
Armour
 b - a +0 leather armour (worn)
 c - a +0 helmet (worn)
Scrolls
 j - a scroll of blinking
Potions
 e - a potion of curing
 f - a potion of heal wounds
 g - a potion of haste
 h - 2 potions of magic
 i - a potion of berserk rage


   Skills:
 O Level 27 Fighting
 O Level 27 Short Blades
 O Level 27 Long Blades
 O Level 27 Axes
 O Level 27 Maces & Flails
 O Level 27 Polearms
 O Level 27 Staves
 O Level 27 Slings
 O Level 27 Bows
 O Level 27 Crossbows
 O Level 27 Throwing
 O Level 27 Armour
 O Level 27 Dodging
 O Level 27 Stealth
 O Level 27 Shields
 O Level 27 Unarmed Combat
 O Level 27 Spellcasting
 O Level 27 Conjurations
 O Level 27 Hexes
 O Level 27 Summonings
 O Level 27 Necromancy
 O Level 27 Translocations
 O Level 27 Transmutations
 O Level 27 Fire Magic
 O Level 27 Ice Magic
 O Level 27 Air Magic
 O Level 27 Earth Magic
 O Level 27 Poison Magic
 O Level 27 Invocations
 O Level 27 Evocations


You had 80 spell levels left.
You didn't know any spells.
Your spell library was empty.

Dungeon Overview and Level Annotations

Branches:
Dungeon (1/1)

Altars:
Makhleb

Annotations:
D The Defiler


Innate Abilities, Weirdness & Mutations

You are completely covered in rugged brown scales. (AC +3, +7% HP)
You have supernaturally acute eyesight. (SInv)
Armour fits poorly on your strangely shaped body.
You can roll at nearby foes to attack.
You have a long armoured tail.
You curl defensively after being hit.


Message History

The observer convulses!
The accursed casts a spell at you. Something smites you!
* * * LOW HITPOINT WARNING * * *
You hear an explosion!
The fiery explosion engulfs the bag of meat!!
The fiery explosion engulfs the sculptor of flesh!!
The fiery explosion engulfs the bag of meat!!!
The bag of meat dies!
The fiery explosion engulfs the eight-headed meat hydra!!
The eight-headed meat hydra dies!
The meat berserker rages.
The observer gazes at you. Something smites you!
* * * LOW HITPOINT WARNING * * *
The sculptor of flesh is engulfed in blazing flames.
The corpses begin to drag themselves along the ground!
You hear a shout!
The sphere of damnation explodes!
The damnation engulfs you!!
You die...

.O. #.....#.......#.#..z.
....#_.<._#..)...o.O...o.
...O#..)))#..)...#.#o#W.@
.......o).).)....WD@zO§W.
.....)###)...x.X..#.#.#..
.###.))))ox###))X°L..x..#
#.)..)))#.Xx°OxXW.....
...#..)))))#D.)LOW.L....#
...O..)....)Mx)X@........
......))....).○#x.G#.....
..............#)..x#.....
..........W.##D))).# ....
..#.......S#○.))°)#....##
......D....#.).###....#..
.##.#.§......)..o...#...
..W....................
...#.....####.........#


You could see an accursed, 2 tentacled monstrosities, 3 tyrants, 3 eight-headed
meat hydras, an observer (fast, invisible), a scourge, a sculptor of flesh, 3
large abominations, The Defiler, a wretched soul (invisible), 4 dreads, 3 meat
berserkers, 2 bags of meat and 7 crawling corpses.

Vanquished Creatures
  3 hell beasts (D)
  5 royal mummies (D)
  2 great orbs of eyes (D)
  8 wraiths (D)
  Harold (D)
  19 vampire knights (D)
  32 ogres (D)
  11 two-headed ogres (D)
  5 liches (D)
  4 hydras (D)
  81 orcs (D)
  4 phantoms (D)
  9 skeletal warriors (D)
  4 large abominations (D)
  12 small abominations (D)
  15 crawling corpses (D)
215 creatures vanquished.

Vanquished Creatures (collateral kills)
  A crawling corpse (D)
1 creature vanquished.

Vanquished Creatures (others)
  2 ogres (D)
  2 two-headed ogres (D)
  A hydra (D)
  3 orcs (D)
  6 crawling corpses (D)
14 creatures vanquished.

Grand Total: 230 creatures vanquished

Notes
Turn   | Place    | Note
-------+----------+-------------------------------------------
     0 | D        | Found the +∞ Axe of Woe
     0 | D        | Adamkad1 the Palentonga Gladiator began the quest for the
                  | Orb.
     0 | D        | Reached XP level 1. HP: 18/18 MP: 1/1
     3 | D        | Became a worshipper of Makhleb the Destroyer
     3 | D        | Noticed a meat berserker
     3 | D        | Noticed a bag of meat
     6 | D        | Noticed a bag of meat
     6 | D        | Noticed a bag of meat
     7 | D        | Killed a meat berserker
     7 | D        | Noticed a bag of meat
     8 | D        | Reached skill level 10 in Fighting
     8 | D        | Reached skill level 10 in Maces & Flails
     8 | D        | Reached skill level 10 in Unarmed Combat
     8 | D        | Reached XP level 2. HP: 41/41 MP: 1/12
     8 | D        | Reached XP level 3. HP: 49/49 MP: 1/14
     8 | D        | Reached XP level 4. HP: 55/55 MP: 1/15
     8 | D        | Reached XP level 5. HP: 63/63 MP: 1/17
     8 | D        | Reached XP level 6. HP: 71/71 MP: 1/18
     8 | D        | Gained mutation: You curl defensively after being hit.
                  | [Palentonga growth]
     8 | D        | Reached XP level 7. HP: 78/78 MP: 1/20
     8 | D        | Reached XP level 8. HP: 85/85 MP: 1/21
     8 | D        | Reached XP level 9. HP: 92/92 MP: 1/22
     8 | D        | Reached XP level 10. HP: 100/100 MP: 1/23
     8 | D        | Reached XP level 11. HP: 108/108 MP: 1/24
     8 | D        | Reached XP level 12. HP: 114/114 MP: 1/25
     8 | D        | Reached XP level 13. HP: 121/121 MP: 1/26
     8 | D        | Killed a bag of meat
     8 | D        | Reached * piety under Makhleb
     9 | D        | Reached skill level 15 in Axes
     9 | D        | Reached skill level 10 in Polearms
     9 | D        | Reached skill level 10 in Dodging
     9 | D        | Reached skill level 10 in Spellcasting
     9 | D        | Noticed a bag of meat
     9 | D        | Noticed a bag of meat
     9 | D        | Killed a bag of meat
     9 | D        | Noticed a bag of meat
    10 | D        | Reached skill level 10 in Armour
    10 | D        | Reached XP level 14. HP: 134/134 MP: 1/29
    10 | D        | Noticed a bag of meat
    10 | D        | Noticed a meat berserker
    10 | D        | Killed a bag of meat
    11 | D        | Reached skill level 10 in Throwing
    11 | D        | Reached skill level 10 in Stealth
    11 | D        | Noticed a bag of meat
    11 | D        | Noticed a bag of meat
    11 | D        | Noticed a bag of meat
    11 | D        | Noticed a bag of meat
    11 | D        | Killed a bag of meat
    11 | D        | Reached ** piety under Makhleb
    11 | D        | Noticed a bag of meat
    11 | D        | Noticed a bag of meat
    11 | D        | Noticed a bag of meat
    12 | D        | Reached XP level 15. HP: 145/145 MP: 1/31
    13 | D        | Reached skill level 15 in Invocations
    13 | D        | Noticed a large bag of meat
    13 | D        | Noticed a meat berserker
    15 | D        | Reached *** piety under Makhleb
    16 | D        | Reached skill level 15 in Fighting
    16 | D        | Reached skill level 15 in Maces & Flails
    16 | D        | Reached skill level 15 in Unarmed Combat
    16 | D        | Reached XP level 16. HP: 159/159 MP: 2/34
    17 | D        | Killed a meat berserker
    17 | D        | Reached **** piety under Makhleb
    17 | D        | Noticed a meat berserker
    18 | D        | Reached skill level 15 in Polearms
    18 | D        | Reached skill level 15 in Dodging
    18 | D        | Reached skill level 15 in Spellcasting
    18 | D        | Reached XP level 17. HP: 172/172 MP: 3/36
    18 | D        | Killed a meat berserker
    19 | D        | Reached XP level 18. HP: 185/185 MP: 3/39
    19 | D        | Reached ***** piety under Makhleb
    20 | D        | Reached skill level 15 in Throwing
    20 | D        | Reached skill level 15 in Stealth
    20 | D        | Reached XP level 19. HP: 196/196 MP: 3/41
    20 | D        | Noticed a destroyer
    22 | D        | Noticed a large bag of meat
    22 | D        | Killed a large bag of meat
    23 | D        | Reached skill level 27 in Axes
    23 | D        | Reached XP level 20. HP: 182/211 MP: 3/43
    23 | D        | Killed a meat berserker
    23 | D        | Reached ****** piety under Makhleb
    23 | D        | Noticed a meat berserker
    23 | D        | Noticed a meat berserker
    25 | D        | Killed a large bag of meat
    25 | D        | Noticed a destroyer
    26 | D        | Reached XP level 21. HP: 206/226 MP: 4/46
    28 | D        | Killed a destroyer
    28 | D        | Noticed The Servant
    29 | D        | Reached skill level 27 in Invocations
    29 | D        | Reached XP level 22. HP: 241/241 MP: 5/49
    29 | D        | Killed The Servant
    30 | D        | Killed a destroyer
    31 | D        | Reached skill level 27 in Fighting
    31 | D        | Reached skill level 27 in Maces & Flails
    31 | D        | Reached skill level 27 in Unarmed Combat
    31 | D        | Reached XP level 23. HP: 256/256 MP: 6/53
    31 | D        | Noticed a large bag of meat
    32 | D        | Reached skill level 27 in Polearms
    32 | D        | Reached skill level 27 in Spellcasting
    32 | D        | Reached XP level 24. HP: 266/266 MP: 6/54
    32 | D        | Noticed a destroyer
    33 | D        | Killed a destroyer
    33 | D        | Noticed a large bag of meat
    34 | D        | Reached skill level 27 in Throwing
    34 | D        | Reached skill level 27 in Armour
    34 | D        | Reached skill level 27 in Dodging
    34 | D        | Reached skill level 27 in Stealth
    34 | D        | Noticed a large bag of meat
    35 | D        | Reached skill level 5 in Short Blades
    35 | D        | Reached skill level 5 in Long Blades
    35 | D        | Reached skill level 5 in Staves
    35 | D        | Reached skill level 5 in Hexes
    35 | D        | Reached skill level 5 in Necromancy
    35 | D        | Reached skill level 5 in Translocations
    35 | D        | Reached skill level 5 in Transmutations
    36 | D        | Reached skill level 5 in Slings
    36 | D        | Reached XP level 25. HP: 274/274 MP: 7/54
    37 | D        | Killed a large bag of meat
    39 | D        | Reached skill level 10 in Short Blades
    39 | D        | Reached skill level 10 in Long Blades
    39 | D        | Reached skill level 10 in Staves
    39 | D        | Reached skill level 10 in Hexes
    39 | D        | Reached skill level 10 in Necromancy
    39 | D        | Reached skill level 10 in Translocations
    39 | D        | Reached skill level 10 in Transmutations
    40 | D        | Noticed a destroyer
    41 | D        | Killed a large bag of meat
    42 | D        | Reached skill level 10 in Bows
    42 | D        | Reached skill level 10 in Crossbows
    42 | D        | Reached skill level 10 in Shields
    42 | D        | Reached skill level 10 in Summonings
    42 | D        | Reached skill level 10 in Fire Magic
    42 | D        | Reached skill level 10 in Ice Magic
    42 | D        | Reached skill level 10 in Air Magic
    42 | D        | Reached skill level 10 in Poison Magic
    42 | D        | Reached XP level 26. HP: 134/284 MP: 9/54
    44 | D        | Noticed a tyrant
    44 | D        | Noticed a destroyer
    45 | D        | Reached skill level 10 in Slings
    45 | D        | Noticed a large bag of meat
    45 | D        | Killed a tyrant
    45 | D        | Noticed a destroyer
    45 | D        | Noticed a large bag of meat
    46 | D        | Noticed a destroyer
    46 | D        | Noticed a destroyer
    46 | D        | Noticed a destroyer
    47 | D        | Noticed a destroyer
    48 | D        | Noticed a large bag of meat
    49 | D        | Killed a large bag of meat
    50 | D        | Noticed a destroyer
    50 | D        | Noticed a destroyer
    50 | D        | Noticed a destroyer
    50 | D        | Noticed a large bag of meat
    51 | D        | Noticed a tyrant
    51 | D        | Killed a destroyer
    51 | D        | Noticed an accursed
    52 | D        | Reached skill level 15 in Short Blades
    52 | D        | Reached skill level 15 in Long Blades
    52 | D        | Reached skill level 15 in Staves
    52 | D        | Reached skill level 15 in Hexes
    52 | D        | Reached skill level 15 in Necromancy
    52 | D        | Reached skill level 15 in Translocations
    52 | D        | Reached skill level 15 in Transmutations
    52 | D        | Reached XP level 27. HP: 256/292 MP: 12/54
    52 | D        | Killed a destroyer
    53 | D        | Reached skill level 15 in Conjurations
    53 | D        | Reached skill level 15 in Earth Magic
    53 | D        | Reached skill level 15 in Evocations
    54 | D        | Killed a destroyer
    56 | D        | Reached skill level 15 in Bows
    56 | D        | Reached skill level 15 in Crossbows
    56 | D        | Reached skill level 15 in Shields
    56 | D        | Reached skill level 15 in Summonings
    56 | D        | Reached skill level 15 in Fire Magic
    56 | D        | Reached skill level 15 in Ice Magic
    56 | D        | Reached skill level 15 in Air Magic
    56 | D        | Reached skill level 15 in Poison Magic
    57 | D        | Noticed an accursed
    57 | D        | Killed a destroyer
    58 | D        | Reached skill level 15 in Slings
    58 | D        | Killed a destroyer
    58 | D        | Killed a tyrant
    59 | D        | Killed a destroyer
    59 | D        | Noticed a destroyer
    60 | D        | Killed a destroyer
    64 | D        | Killed a large bag of meat
    66 | D        | Killed a destroyer
    66 | D        | Killed a destroyer
    67 | D        | Noticed a destroyer
    67 | D        | Killed a large bag of meat
    67 | D        | Noticed a destroyer
    67 | D        | Noticed a dread
    68 | D        | Killed an accursed
    68 | D        | Killed a destroyer
    68 | D        | Noticed a destroyer
    69 | D        | Killed a destroyer
    70 | D        | Noticed an accursed
    70 | D        | Noticed a tyrant
    71 | D        | Killed a destroyer
    72 | D        | Noticed a dread
    72 | D        | Killed a destroyer
    73 | D        | Noticed a meat beast
    73 | D        | Killed an accursed
    73 | D        | Killed a destroyer
    74 | D        | Reached skill level 27 in Short Blades
    74 | D        | Reached skill level 27 in Long Blades
    74 | D        | Reached skill level 27 in Staves
    74 | D        | Reached skill level 27 in Hexes
    74 | D        | Reached skill level 27 in Necromancy
    74 | D        | Reached skill level 27 in Translocations
    74 | D        | Reached skill level 27 in Transmutations
    74 | D        | Killed a dread
    74 | D        | Killed a large bag of meat
    74 | D        | Killed a large bag of meat
    75 | D        | Reached skill level 27 in Conjurations
    75 | D        | Reached skill level 27 in Earth Magic
    75 | D        | Reached skill level 27 in Evocations
    75 | D        | Noticed a dread
    75 | D        | Noticed a dread
    76 | D        | Noticed a meat beast
    76 | D        | Noticed a large bag of meat
    76 | D        | Noticed a dread
    76 | D        | Noticed a large bag of meat
    77 | D        | Killed a dread
    77 | D        | Noticed a dread
    77 | D        | Noticed a tyrant
    77 | D        | Noticed a destroyer
    77 | D        | Noticed an accursed
    78 | D        | Reached skill level 27 in Bows
    78 | D        | Reached skill level 27 in Summonings
    78 | D        | Reached skill level 27 in Ice Magic
    78 | D        | Killed a meat beast
    79 | D        | Reached skill level 27 in Slings
    79 | D        | Reached skill level 27 in Crossbows
    79 | D        | Reached skill level 27 in Shields
    79 | D        | Reached skill level 27 in Fire Magic
    79 | D        | Reached skill level 27 in Air Magic
    79 | D        | Reached skill level 27 in Poison Magic
    79 | D        | Killed a meat beast
    79 | D        | Killed a dread
    80 | D        | Noticed a dread
    81 | D        | Killed a dread
    83 | D        | Killed a dread
    84 | D        | Killed an accursed
    85 | D        | Killed a large bag of meat
    85 | D        | Killed a destroyer
    86 | D        | Killed a large bag of meat
    86 | D        | Noticed a meat beast
    87 | D        | Killed a meat beast
    87 | D        | Killed a tyrant
    90 | D        | Noticed a large bag of meat
    93 | D        | Killed a dread
    93 | D        | Killed a large bag of meat
    93 | D        | Noticed an accursed
    93 | D        | Noticed a dread
    95 | D        | Killed an accursed
    96 | D        | Killed a dread
    96 | D        | Noticed an accursed
    98 | D        | Killed a dread
    99 | D        | Noticed a dread
   100 | D        | Noticed a tyrant
   100 | D        | Noticed a tyrant
   100 | D        | Noticed a dread
   100 | D        | Noticed The Defiler
   101 | D        | Noticed a large bag of meat
   102 | D        | Noticed a destroyer
   103 | D        | Noticed a tyrant
   103 | D        | Killed a tyrant
   104 | D        | Noticed a dread
   104 | D        | Killed a destroyer
   104 | D        | Noticed a tyrant
   105 | D        | HP: 12/292 [??? (10)]
   106 | D        | Killed an accursed
   106 | D        | HP: 5/292 [accursed/divine providence (13)]
   107 | D        | Killed a tyrant
   108 | D        | Noticed a dread
   108 | D        | Killed a large bag of meat
   108 | D        | HP: 2/292 [observer/divine providence (13)]
   108 | D        | Killed from afar by a dread

Illustrated notes

Levels and vault maps discovered:
D:        meatsprint

Skill      XL: |  1  2  3  4  5  6  7  8  9 10 11 12 13 14 15 16 17 18 19 20 21 22 23 24 25 26 27 |
---------------+----------------------------------------------------------------------------------+-----
Fighting       | 10 12 13 15 17 18 19 21 23 25 27 | 27.0
Axes           | 14 16 18 20 22 24 25 27 | 27.0
Maces & Flails | 10 12 13 15 17 18 19 21 23 25 27 | 27.0
Polearms       | 9 11 12 14 15 17 18 19 21 23 26 27 | 27.0
Throwing       | 8 9 10 12 13 14 15 17 19 20 23 24 27 | 27.0
Armour         | 8 10 11 13 14 16 18 20 21 24 25 27 | 27.0
Dodging        | 9 10 11 13 15 16 17 18 20 22 24 26 27 | 27.0
Stealth        | 8 9 10 12 13 14 15 17 18 20 23 24 27 | 27.0
Unarmed Combat | 10 12 13 15 17 18 19 21 23 25 27 | 27.0
Spellcasting   | 9 11 12 14 15 17 18 19 21 23 26 27 | 27.0
Invocations    | 11 13 14 16 18 20 21 22 25 27 | 27.0
Short Blades   | 7 12 15 27 | 27.0
Long Blades    | 7 11 15 27 | 27.0
Staves         | 7 12 15 27 | 27.0
Slings         | 5 9 12 27 | 27.0
Bows           | 6 10 13 27 | 27.0
Crossbows      | 6 10 13 27 | 27.0
Shields        | 6 10 13 27 | 27.0
Conjurations   | 6 11 14 27 | 27.0
Hexes          | 7 12 15 27 | 27.0
Summonings     | 6 10 13 27 | 27.0
Necromancy     | 7 12 15 27 | 27.0
Translocations | 7 12 15 27 | 27.0
Transmutations | 7 12 15 27 | 27.0
Fire Magic     | 6 10 13 27 | 27.0
Ice Magic      | 6 10 13 27 | 27.0
Air Magic      | 6 10 13 27 | 27.0
Earth Magic    | 6 11 14 27 | 27.0
Poison Magic   | 6 10 13 27 | 27.0
Evocations     | 6 11 14 27 | 27.0

Action                   |  1- 3 |  4- 6 |  7- 9 | 10-12 | 13-15 | 16-18 | 19-21 | 22-24 | 25-27 || total
-------------------------+-------+-------+-------+-------+-------+-------+-------+-------+-------++-------
Melee: Executioner's axe |     1 |       |       |       |     7 |     4 |     9 |     6 |    70 ||    97
Invok: Greater Servant o |       |       |       |       |       |       |       |     1 |     2 ||     3
 Abil: Rolling Charge    |       |       |       |       |     3 |       |     4 |     2 |    22 ||    31
Dodge: Dodged            |       |       |       |       |       |       |       |       |     6 ||     6

Table legend: (Time is in decaauts)
 A = Elapsed time spent in this place.
 B = Non-inter-level travel time spent in this place.
 C = Inter-level travel time spent in this place.
 D = Time resting spent in this place.
 E = Time spent auto-exploring this place.
 F = Levels seen in this place.
 G = Mean time per level.
                   A        B        C        D        E       F      G
               +--------+--------+--------+--------+--------+-----+--------+
         Total |     90 |     90 |      0 |      0 |      0 |   1 |   90.0 |
       Dungeon |     90 |     90 |      0 |      0 |      0 |   1 |   90.0 |
               +--------+--------+--------+--------+--------+-----+--------+

Top non-repeatable levels by time:
       D: 90 daAuts
